 Dungeon Crawl Stone Soup version 0.24.0-28-g17ded55e90 (webtiles) character file.

Game seed: 3150014752878210047, levelgen mode: deterministic

205 Arum the Sneak (level 5, 0/36 HPs)
             Began as an Octopode Assassin on Nov 11, 2019.
             Slain by a scorpion (8 damage)
             ... on level 4 of the Dungeon.
             The game lasted 00:02:57 (2507 turns).

Arum the Sneak (Octopode Assassin)                  Turns: 2507, Time: 00:02:58

Health: 0/36       AC:  1    Str: 10    XL:     5   Next: 83%
Magic:  14/14      EV: 14    Int: 13    God:
Gold:   170        SH:  0    Dex: 18    Spells: 4/4 levels left

rFire    . . .     SeeInvis .   u - +3 dagger
rCold    . . .     Gourm    .   (no shield)
rNeg     . . .     Faith    .   (helmet restricted)
rPois    .         Spirit   .   i - amulet of the acrobat
rElec    .         Reflect  .   j - +3 ring of dexterity
rCorr    .         Harm     .   a - ring of magical power
MR       .....                  (no ring)
Stlth    +++++.....             (no ring)
HPRegen  0.12/turn              (no ring)
MPRegen  0.14/turn              (no ring)
                                (no ring)
                                (no ring)

@: lethally poisoned (0 -> -4)
A: almost no armour, stealthy swim, amphibious, 8 rings, constrict 8, camouflage
1, gelatinous body 1
a: no special abilities


You were on level 4 of the Dungeon.
You were hungry.

You visited 1 branch of the dungeon, and saw 4 of its levels.

You collected 170 gold pieces.

Inventory:

Hand Weapons
 u - a +3 dagger (weapon)
Missiles
 b - 8 poisoned darts (quivered)
 c - 2 curare-tipped darts
Jewellery
 a - a ring of magical power (right tentacle)
 i - an amulet of the acrobat (around mantle)
 j - a +3 ring of dexterity (left tentacle)
Scrolls
 e - 7 scrolls of identify {unknown}
 f - a scroll of remove curse {unknown}
 h - 4 scrolls of amnesia {unknown}
 k - 3 scrolls of magic mapping {unknown}
 m - a scroll of immolation {unknown}
 n - 2 scrolls of enchant armour {unknown}
 p - 2 scrolls of teleportation {unknown}
 s - 2 scrolls of enchant weapon {unknown}
 t - 2 scrolls of blinking {unknown}
Potions
 g - a potion of heal wounds {unknown}
 l - a potion of berserk rage {unknown}
 o - a potion of agility {unknown}
 r - a potion of lignification {unknown}
 v - a potion of brilliance {unknown}
Comestibles
 d - 6 rations


   Skills:
 + Level 3.2 Fighting
 + Level 3.3 Short Blades
 - Level 2.0 Throwing
 + Level 2.8 Dodging
 * Level 6.7 Stealth


You had 4 spell levels left.
You didn't know any spells.
Your spell library contained the following spells:

 Spells                   Type           Power        Failure   Level  Hunger
 Corpse Rot               Necr           N/A          43%         2    ###....
 Sublimation of Blood     Necr           #.........   43%         2    ###....
 Agony                    Necr           #.......     100%        5    ######.
 Bolt of Draining         Conj/Necr      #.........   100%        5    ######.
 Dispel Undead            Necr           #.......     100%        5    ######.
 Excruciating Wounds      Chrm/Necr      #.........   100%        5    ######.


Dungeon Overview and Level Annotations

Branches:
Dungeon (4/15)
 Temple: D:4-7

Altars:
Ashenzari
Fedhas
Sif Muna


Innate Abilities, Weirdness & Mutations

You cannot wear most types of armour.
You are very stealthy in the water. (Stealth+)
You are amphibious.
You can wear up to eight rings at the same time.
You can use your tentacles to constrict eight enemies at once.
Your skin changes colour to match your surroundings (Stealth+).
Your rubbery body absorbs attacks. (AC +1, EV +1)


Message History

You hit the jackal.
You kill the jackal!
You hit the scorpion. You grab the scorpion.
The scorpion is lightly wounded.
You constrict the scorpion, but do no damage.
The scorpion stings you!
* * * LOW HITPOINT WARNING * * *
You are lethally poisoned!
The scorpion poisons you!
You feel better.
You constrict the scorpion. The scorpion stings you.
* * * LOW HITPOINT WARNING * * *
You are poisoned.
The scorpion poisons you!
You hit the scorpion.
The scorpion is heavily wounded.
You constrict the scorpion.
You feel sick. The scorpion closely misses you.
You hit the scorpion but do no damage.
The scorpion is heavily wounded.
You constrict the scorpion. The scorpion stings you!
You die...

#....##.....###
..#.............#.#
..........$.........
.............##......
..##...........#.#..#
#........<..........#
#....................
.[..........s........
..#.........#@..##..
#..........#...#
##.#.......#..## #
##†...###### .......#
#........# ##..#.####
#...## #...


You could see a scorpion.

Vanquished Creatures
  Terence (D:2)
  A worker ant (D:4)
  A gnoll (D:1)
  7 adders
  An ooze (D:1)
  2 worms
  2 dart slugs
  3 leopard geckos (D:2)
  3 orcs (D:3)
  6 bats
  A giant cockroach (D:2)
  8 goblins
  4 hobgoblins
  3 jackals (D:4)
  2 quokkas (D:2)
  4 ball pythons
  9 frilled lizards
  9 kobolds
  A rat (D:3)
68 creatures vanquished.

Notes
Turn   | Place    | Note
-------+----------+-------------------------------------------
     0 | D:1      | Arum the Octopode Assassin began the quest for the Orb.
     0 | D:1      | Reached XP level 1. HP: 14/14 MP: 1/1
    62 | D:1      | Reached XP level 2. HP: 11/19 MP: 2/2
   212 | D:1      | Reached XP level 3. HP: 25/25 MP: 3/3
   863 | D:2      | Noticed Terence
   873 | D:2      | Killed Terence
   873 | D:2      | Reached skill level 6 in Stealth
   873 | D:2      | Reached XP level 4. HP: 22/30 MP: 1/4
  1174 | D:2      | Reached XP level 5. HP: 33/36 MP: 5/5
  1957 | D:3      | Found a shattered altar of Ashenzari.
  2046 | D:3      | Found a shimmering blue altar of Sif Muna.
  2046 | D:3      | Found a blossoming altar of Fedhas.
  2507 | D:4      | Slain by a scorpion

Levels and vault maps discovered:
D:1:      dpeg_arrival_oval, layout_basic, minmay_tromino_v4_a
D:2:      layout_basic, uniq_terence
D:3:      minmay_skewed_foursquare, layout_loops_ring,
          cheibrodos_ashenzari_chains,
          chequers_temple_overflow_statue_of_worship,
          chequers_serial_rivers_small_b
D:4:      layout_cave_pools, first_ration

Skill      XL: |  1  2  3  4  5 |
---------------+----------------+-----
Dodging        | 2 |  2.8
Stealth        | 6 |  6.7
Short Blades   | 3 |  3.3
Fighting       | 3 |  3.2
Throwing       | |  2.0

Action                   |  1- 3 |  4- 6 || total
-------------------------+-------+-------++-------
Melee: Dagger            |    52 |    78 ||   130
       Constrict         |    11 |    22 ||    33
       Tentacles         |     8 |    12 ||    20
  Use: Potion            |       |     2 ||     2
 Stab: Sleeping          |     8 |    14 ||    22
       Distracted        |       |     1 ||     1
  Eat: Chunk             |       |     4 ||     4
Armor: Skin              |     5 |     1 ||     6
Dodge: Dodged            |    20 |    42 ||    62
